 Dungeon Crawl Stone Soup version 0.29.1-4-g47bece8355 (webtiles) character file.

Game seed: 14686187031364379484

188481 CungeonDrawl the Warrior (level 19, -11/157 HPs)
             Began as a Djinni Conjurer on Dec 4, 2022.
             Was the Champion of Makhleb.
             Mangled by a nagaraja
             ... wielding a +0 spear
              (18 damage)
             ... on level 4 of the Snake Pit on Dec 5, 2022.
             The game lasted 06:37:37 (49143 turns).

CungeonDrawl the Warrior (Djinni Conjurer)         Turns: 49143, Time: 06:37:38

Health: -11/157    AC: 11    Str:  6    XL:     19   Next: 25%
Gold:   903        EV: 16    Int: 28    God:    Makhleb [******] SH:  5 Dex: 14

rFire   + + +      SeeInvis .   Z - staff of earth
rCold   + . .      Faith    .   w - +0 buckler
rNeg    + . .      Spirit   .   e - +2 leather armour {rC+}
rPois   ∞          Reflect  .   m - +0 helmet of Pathos {rF+ rCorr Stlth+}
rElec   .          Harm     .   f - +2 cloak {Stlth+}
rCorr   +          Rampage  .   L - +0 pair of gloves
Will    +....      NoTele   +   (boots unavailable)
Stlth   ++++......              (no amulet)
HPRegen 0.36/turn               I - ring "Kianuel" {rN+ Dex+2}
MPRegen 0.00/turn               g - ring of protection from cold

@: weakened, untranslocatable, flying, constricted, studying Spellcasting
A: sickness immunity, fire resistance 2, cold vulnerability 1, float, innate
caster, HP casting, extra vitality 1
a: Renounce Religion, Minor Destruction, Lesser Servant of Makhleb, Major
Destruction, Greater Servant of Makhleb


You were on level 4 of the Snake Pit.
You worshipped Makhleb.
Makhleb was exalted by your worship.
You visited 5 branches of the dungeon, and saw 27 of its levels.
You also visited: Ossuary, Bailey, Gauntlet and Volcano.

You collected 3416 gold pieces.
You spent 2513 gold pieces at shops.

Inventory:

Missiles
 r - 2 throwing nets
 E - 10 curare-tipped darts
Armour
 e - a +2 leather armour of cold resistance (worn)
 f - a +2 cloak of stealth (worn)
 m - the +0 helmet of Pathos (worn) {rF+ rCorr Stlth+}
   (You bought it in a shop on level 1 of the Orcish Mines)

   rF:        It protects you from fire.
   rCorr:     It protects you from acid and corrosion.
   Stlth:     It makes you more stealthy.
 w - a +0 buckler (worn)
 L - a +0 pair of gloves (worn)
Magical Staves
 c - a staff of poison
 o - a staff of air
 J - a staff of fire
 R - a staff of conjuration
 Z - a staff of earth (weapon)
Jewellery
 g - a ring of protection from cold (right hand)
 j - a ring of see invisible
 I - the ring "Kianuel" (left hand) {rN+ Dex+2}
   (You acquired it on level 1 of the Orcish Mines)

   [ring of positive energy]

   Dex:       It affects your dexterity (+2).
   rN:        It protects you from negative energy.
 W - a +6 ring of intelligence
 X - a +4 ring of evasion
Wands
 b - a wand of polymorph (4)
 B - a wand of flame (49)
 F - a wand of roots (8)
 N - a wand of paralysis (26)
 P - a wand of mindburst (10)
Scrolls
 i - 2 scrolls of poison
 p - 3 scrolls of fear
 q - 5 scrolls of butterflies
 s - 5 scrolls of enchant armour
 u - 4 scrolls of noise
 v - 2 scrolls of summoning
 x - a scroll of vulnerability
 y - 4 scrolls of blinking
 D - 2 scrolls of silence
 K - 9 scrolls of teleportation
 M - 3 scrolls of enchant weapon
 T - 2 scrolls of magic mapping
Potions
 a - 3 potions of cancellation
 d - 6 potions of brilliance
 h - 2 potions of mutation
 l - 16 potions of curing
 n - 4 potions of haste
 t - 6 potions of lignification
 A - 2 potions of invisibility
 C - 3 potions of resistance
 G - 3 potions of ambrosia
 H - 3 potions of attraction
 O - 2 potions of heal wounds
 S - 3 potions of might
Miscellaneous
 k - a phial of floods
 z - a condenser vane


   Skills:
 - Level 20.7 Fighting
 - Level 4.1 Armour
 * Level 18.8 Dodging
 - Level 2.0 Stealth
 - Level 4.1 Shields
 - Level 14.6 Spellcasting
 - Level 9.1 Evocations


You couldn't memorise any spells.
You knew the following spells:

 Your Spells              Type           Power      Damage    Failure   Level
a - Magic Dart            Conj           100%       1d8       0%          1
b - Searing Ray           Conj           100%       2d8       1%          2
c - Dazzling Flash        Conj/Hex       100%       N/A       1%          3
d - Fulminant Prism       Conj/Hex       40%        3d20      1%          4
e - Iskenderun's Mystic   Conj/Tloc      80%        2d16      1%          4
f - Beastly Appendage     Tmut           100%       N/A       0%          1
g - Poisonous Vapours     Pois/Air       100%       N/A       1%          2
h - Ignite Poison         Fire/Tmut/Pois 80%        N/A       1%          3
i - Airstrike             Air            40%        2d(6-22)  1%          4
j - Lee's Rapid Deconstr  Erth           50%        3d25*     1%          5
k - Borgnjor's Vile Clut  Necr/Erth      50%        N/A       1%          5
l - Starburst             Conj/Fire      40%        6d11      1%          6
m - Spellforged Servitor  Conj/Summ      40%        N/A       10%         7
n - Dispersal             Tloc           40%        N/A       1%          6
Your spell library was empty.

Dungeon Overview and Level Annotations

Branches:
Dungeon (15/15)            Temple (1/1) D:7            Lair (5/5) D:11
 Shoals (0/4) Lair:3        Snake (4/4) Lair:3        Slime (0/5) Lair:5
    Orc (2/2) D:12            Elf (0/3) Orc:2        Vaults (0/5) D:14
 Depths (0/4) D:15        Ossuary (visited)          Bailey (visited)
Volcano (visited)         Gauntlet (visited)

Altars:
Ashenzari
Cheibriados
Dithmenos
Elyvilon
Fedhas
Gozag
Hepliaklqana
Makhleb
Nemelex Xobeh
Okawaru
Qazlal
Ru
Trog
Uskayaw
Wu Jian
Xom
Yredelemnul
Zin
The Shining One
Jiyva

Shops:
D:12 [((   D:14 *   Orc:1 [:?:   Orc:2 *:[(   Snake:3 (?**

Portals:
Trove: D:14 (give horn of Geryon)

Annotations:
Snake:3 Vashnia


Innate Abilities, Weirdness & Mutations

You are immune to sickness and miasma.
You are immune to poison.
Your flesh is very heat resistant. (rF++)
You are vulnerable to cold. (rC-)
You float through the air rather than walking.
You learn spells naturally, not from books.
Your magical power is your life essence.
You have superior vitality. (+4 MHP)


Message History

The mystic blast hits the nagaraja!
The nagaraja is moderately wounded.
The nagaraja is knocked back by the mystic blast.
The nagaraja slams into the rock wall!
The nagaraja is heavily wounded.
The mystic blast hits the naga sharpshooter!
The naga sharpshooter is moderately wounded.
The nagaraja hits you from afar with a +0 spear!!
The naga sharpshooter shoots an arrow.
The arrow hits you! The nagaraja casts a spell at you.
The poison arrow misses you.
You feel much better. The nagaraja spits poison at you.
The splash of poison hits you but does no damage.
You resist.
The salamander tyrant gazes fiercely through you!
You feel your attacks grow feeble.
The naga sharpshooter shoots an arrow.
The arrow hits you!
The nagaraja hits you but does no damage.
The nagaraja grabs you. The nagaraja constricts you.
The nagaraja hits you from afar with a +0 spear!!
* * * LOW HITPOINT WARNING * * *
You cannot blink because you are locked down by a dimension anchor.
You hit the salamander tyrant.
The salamander tyrant is moderately wounded.
The nagaraja hits you from afar with a +0 spear!
* * * LOW HITPOINT WARNING * * *
The salamander tyrant gazes fiercely through you!
You feel as though you will be weak longer.
The salamander tyrant hits you but does no damage.
The naga sharpshooter shoots an arrow.
The arrow hits you!
* * * LOW HITPOINT WARNING * * *
You block the nagaraja's attack. The nagaraja constricts you.
* * * LOW HITPOINT WARNING * * *
The salamander tyrant hits you.
* * * LOW HITPOINT WARNING * * *
You are engulfed in flames.
You resist.
* * * LOW HITPOINT WARNING * * *
The nagaraja hits you from afar with a +0 spear!!
You die...

#..#.+.....# .#
#..######### ...####
#.....#
.......####.....#
#...§....##...###
#........##..#'.#
..#......§##..#..#
...#........#N.#..#
.............SN.@+.##
.....#........#NN###
....#.......###.....
...###...
..##........#
#....... #.......#
##.......(..#
#........ #...8...#
...........##
#..#####. #.......#
..........##
#..#...## #.8...8.#
..........# #..#....#
#.......# .....#.####
#..#...## #...8...#


You could see 2 nagarajas, a naga sharpshooter, a salamander tyrant and a
guardian serpent.

Vanquished Creatures
  Nikola (Snake:1)
  Rupert (D:15)
  Mlioglotl (Snake:3)
  Jorgrun (D:13)
  A storm dragon (D:13)
  A tengu reaver (D:13)
  Kirke (Snake:1)
  Roxanne (D:15)
  A fire giant (D:13)
  3 nagarajas
  Aizul (Snake:1)
  2 orc warlords
  2 stone giants
  Nessos (Orc:2)
  A minotaur (Gauntlet)
  An ettin (Orc:1)
  A fire dragon (D:15)
  Josephine (D:14)
  A deep elf high priest (D:13)
  5 vault guards (D:14)
  11 hydras
  An ogre mage (D:15)
  Erolcha (D:13)
  13 naga warriors
  5 boulder beetles
  6 centaur warriors
  A catoblepas (Lair:2)
  3 salamander tyrants
  7 two-headed ogres
  11 anacondas
  2 death yaks
  A tengu warrior (D:14)
  2 orc high priests
  A vampire mage (D:15)
  5 shock serpents
  18 naga sharpshooters
  Sonja (D:10)
  Nergalle (D:12)
  Amaemon (D:8)
  A skeletal warrior (D:15)
  A salamander mystic (Snake:2)
  A glowing orange brain (D:13)
  Lodul (D:14)
  2 sea snakes (Snake:2)
  A deep elf archer (D:14)
  6 naga ritualists
  A lindwurm (Lair:3)
  A wolf spider (D:13)
  2 deep elf pyromancers
  2 wizards (D:14)
  9 mana vipers
  3 orc knights
  4 manticores
  A tengu skeleton (D:15)
  4 orc sorcerers (Orc:2)
  11 salamanders
  3 ugly things (D:15)
  6 cyclopes
  14 elephants
  Maurice (D:13)
  Joseph (D:8)
  An ice statue (Gauntlet)
  11 guardian serpents
  49 black mambas
  2 torpor snails
  13 cane toads
  3 large abominations (Gauntlet)
  An orange demon (D:8)
  17 naga magi
  Maggie (D:10)
  3 gargoyles
  An unseen horror (D:11)
  4 rime drakes
  2 freezing wraiths (D:15)
  4 efreet
  4 tengu conjurers
  16 komodo dragons
  A guardian mummy (D:15)
  6 polar bears
  16 slime creatures
  2 trolls
  13 blink frogs
  22 dream sheep
  6 hornets
  A snapping turtle (Lair:3)
  11 spriggans (Lair:5)
  2 water elementals (D:12)
  6 wyverns
  3 wraiths (D:14)
  2 vampires
  A human (shapeshifter) (D:13)
  3 basilisks
  49 yaks
  4 shadows
  2 steam dragons
  4 fire elementals
  A human (D:14)
  A vampire mosquito (D:11)
  45 nagas
  A tengu zombie (D:15)
  2 acid dragons (D:12)
  Duvessa (D:7)
  31 water moccasins
  46 orc warriors
  A sky beast (D:7)
  4 black bears
  2 ice beasts
  16 ogres
  9 boggarts
  29 wolves
  14 centaurs
  3 phantoms
  A gnoll sergeant (D:10)
  2 earth elementals
  2 kobold brigands (D:6)
  9 bullfrogs
  2 scorpions
  12 wights
  Dowan (D:7)
  6 small abominations (Gauntlet)
  8 killer bees
  11 howler monkeys
  10 electric eels
  2 lava snakes (D:15)
  A crimson imp (D:3)
  A centaur zombie (Ossuary)
  3 hounds
  2 gnoll boudas
  2 human zombies (Ossuary)
  18 orc priests
  4 jellies
  An iron imp (D:8)
  2 iguanas
  38 orc wizards
  11 hell rats (Lair:2)
  2 mummies (Ossuary)
  13 adders
  10 gnolls
  13 river rats (Lair:2)
  2 shadow imps (D:7)
  A white imp (D:8)
  2 ufetubi
  An adder zombie (Ossuary)
  3 worms
  3 dart slugs
  131 orcs
  6 bats
  7 endoplasms
  5 giant cockroaches
  11 goblins
  12 hobgoblins
  2 jackals (D:2)
  12 quokkas
  13 ball pythons
  4 frilled lizards
  6 goblin zombies
  15 hobgoblin zombies
  A jackal zombie (Ossuary)
  16 kobolds
  A kobold skeleton (D:3)
  8 kobold zombies (Ossuary)
  An orc skeleton (D:3)
  9 orc zombies
  14 rats
  2 rat zombies (Ossuary)
1162 creatures vanquished.

Vanquished Creatures (collateral kills)
  A centaur warrior (D:11)
1 creature vanquished.

Vanquished Creatures (others)
  3 humans (Snake:1)
  An orc warrior (Orc:2)
  15 fulminant prisms
  52 fungi
  75 plants
  9 withered plants (D:15)
155 creatures vanquished.

Grand Total: 1318 creatures vanquished

Notes
Turn   | Place    | Note
-------+----------+-------------------------------------------
     0 | D:1      | CungeonDrawl the Djinni Conjurer began the quest for the
                  | Orb.
     0 | D:1      | CungeonDrawl set off with the following spells memorised:
                  | Magic Dart, Searing Ray, Dazzling Flash, Fulminant Prism,
                  | Iskenderun's Mystic Blast.
     0 | D:1      | Reached XP level 1. HP: 15/15 MP: 0/0
   267 | D:1      | Reached XP level 2. HP: 20/21 MP: 0/0
   603 | D:1      | Found a faded altar of an unknown god.
   715 | D:1      | Reached XP level 3. HP: 24/25 MP: 0/0
   715 | D:1      | Learned a level 1 spell: Beastly Appendage
  2216 | D:2      | Reached XP level 4. HP: 27/31 MP: 0/0
  3791 | D:3      | Reached XP level 5. HP: 22/35 MP: 0/0
  3791 | D:3      | Learned a level 2 spell: Poisonous Vapours
  4004 | D:3      | Found a glowing golden altar of the Shining One.
  4396 | D:4      | Reached skill level 5 in Spellcasting
  4645 | D:4      | Reached XP level 6. HP: 38/41 MP: 0/0
  5031 | D:4      | Reached skill level 1 in Fighting
  5220 | D:4      | Reached skill level 2 in Fighting
  5418 | D:4      | Reached skill level 3 in Fighting
  5738 | D:5      | Entered Level 5 of the Dungeon
  5738 | D:5      | Found a sand-covered staircase.
  5846 | D:5      | Noticed an ogre
  5938 | D:5      | Killed an ogre
  5939 | D:5      | Reached skill level 4 in Fighting
  5939 | D:5      | Reached XP level 7. HP: 46/52 MP: 0/0
  5939 | D:5      | Learned a level 3 spell: Ignite Poison
  5964 | Ossuary  | Entered an ossuary
  6739 | Ossuary  | Reached skill level 5 in Fighting
  7135 | D:5      | Reached skill level 6 in Fighting
  7135 | D:5      | Reached XP level 8. HP: 50/61 MP: 0/0
  8370 | D:6      | Reached skill level 7 in Fighting
  8698 | D:6      | Reached skill level 8 in Fighting
  9216 | D:6      | You are sucked into a shaft and drop 3 floors!
  9241 | D:9      | Reached XP level 9. HP: 56/71 MP: 0/0
  9241 | D:9      | Learned a level 4 spell: Airstrike
 10099 | D:9      | Reached skill level 9 in Fighting
 10558 | D:7      | Reached skill level 10 in Fighting
 11277 | D:7      | Reached XP level 10. HP: 73/81 MP: 0/0
 11583 | D:7      | Reached skill level 11 in Fighting
 11765 | D:7      | Noticed Duvessa
 11769 | D:7      | Killed Duvessa
 11807 | D:7      | Noticed Dowan
 11809 | D:7      | Killed Dowan
 11932 | D:7      | Found a staircase to the Ecumenical Temple.
 12008 | Temple   | Entered the Ecumenical Temple
 12172 | Temple   | Became a worshipper of Makhleb the Destroyer
 12398 | D:7      | Reached skill level 12 in Fighting
 13152 | D:8      | Found a glowing silver altar of Zin.
 13187 | D:8      | Reached skill level 13 in Fighting
 13409 | D:8      | Noticed an orange demon
 13412 | D:8      | Noticed Amaemon
 13421 | D:8      | Killed an orange demon
 13423 | D:8      | Killed Amaemon
 13424 | D:8      | Reached XP level 11. HP: 68/92 MP: 0/0
 13424 | D:8      | Learned a level 5 spell: Lee's Rapid Deconstruction
 13655 | D:8      | Found a snail-covered altar of Cheibriados.
 13668 | D:8      | Reached * piety under Makhleb
 13872 | D:8      | Noticed Joseph
 13876 | D:8      | Killed Joseph
 14562 | D:10     | Entered Level 10 of the Dungeon
 15039 | D:10     | Reached skill level 14 in Fighting
 15133 | D:10     | Noticed Sonja
 15136 | D:10     | Killed Sonja
 15229 | D:10     | Found a flagged portal.
 15320 | Bailey   | Entered a bailey
 15796 | Bailey   | Reached ** piety under Makhleb
 16083 | D:10     | Noticed a two-headed ogre
 16085 | D:10     | Killed a two-headed ogre
 16086 | D:10     | Reached skill level 15 in Fighting
 16633 | D:10     | Reached XP level 12. HP: 92/103 MP: 0/0
 16717 | D:10     | Noticed Maggie
 16721 | D:10     | Killed Maggie
 17460 | D:11     | Reached skill level 16 in Fighting
 17491 | D:11     | Noticed a centaur warrior
 17498 | D:11     | Killed a centaur warrior
 17902 | D:11     | Noticed a centaur warrior
 17904 | D:11     | Killed a centaur warrior
 17907 | D:11     | Found a staircase to the Lair.
 18048 | D:11     | Reached *** piety under Makhleb
 18089 | D:11     | Noticed a two-headed ogre
 18218 | D:11     | Killed a two-headed ogre
 18356 | D:11     | Reached skill level 17 in Fighting
 18601 | D:11     | Noticed a stone giant
 18602 | D:11     | Noticed an ettin
 18609 | D:11     | Killed a stone giant
 19061 | D:12     | Noticed a seven-headed hydra
 19068 | D:12     | Killed a seven-headed hydra
 19243 | D:12     | Reached XP level 13. HP: 98/113 MP: 0/0
 19243 | D:12     | Learned a level 5 spell: Borgnjor's Vile Clutch
 19353 | D:12     | Found Ceufoul's Armour Boutique.
 19357 | D:12     | Found a staircase to the Orcish Mines.
 19361 | D:12     | Found Tidghuzi's Weapon Boutique.
 19380 | D:12     | Found a gate leading to a gauntlet.
 19390 | Gauntlet | Entered a Gauntlet
 19390 | Gauntlet | Found a transporter.
 19394 | Gauntlet | Found a transporter.
 19563 | Gauntlet | Found a transporter.
 19584 | Gauntlet | Found a transporter.
 19604 | Gauntlet | Found a transporter.
 19604 | Gauntlet | Found a transporter.
 19604 | Gauntlet | Found a transporter.
 19609 | Gauntlet | Reached skill level 18 in Fighting
 19829 | Gauntlet | Found a transporter.
 20098 | Gauntlet | Noticed a minotaur
 20454 | Gauntlet | Killed a minotaur
 20630 | D:12     | Found Emej's Weapon Shoppe.
 20765 | D:12     | Reached **** piety under Makhleb
 20916 | D:12     | Noticed Nergalle
 20919 | D:12     | Killed Nergalle
 21188 | D:12     | Noticed a four-headed hydra
 21194 | D:12     | Killed a four-headed hydra
 21311 | D:12     | Reached skill level 19 in Fighting
 21381 | D:12     | Noticed a seven-headed hydra
 21386 | D:12     | Killed a seven-headed hydra
 21736 | D:13     | Noticed a boulder beetle
 21741 | D:13     | Killed a boulder beetle
 21763 | D:13     | Noticed Maurice
 21766 | D:13     | Killed Maurice
 21769 | D:13     | Noticed an eight-headed hydra
 21857 | D:13     | Noticed Jorgrun
 21861 | D:13     | Killed Jorgrun
 21974 | D:13     | Noticed Erolcha
 21978 | D:13     | Killed Erolcha
 22159 | D:13     | Noticed an eight-headed hydra
 22167 | D:13     | Killed an eight-headed hydra
 22261 | D:13     | Noticed a centaur warrior
 22279 | D:13     | Killed a centaur warrior
 22280 | D:13     | Reached XP level 14. HP: 59/123 MP: 0/0
 22758 | D:13     | Noticed an orc warlord
 22760 | D:13     | Noticed a storm dragon
 22762 | D:13     | Killed an orc warlord
 22767 | D:13     | Noticed a tengu reaver
 22771 | D:13     | Noticed a fire giant
 23134 | Lair:1   | Entered Level 1 of the Lair of Beasts
 23222 | Lair:1   | Reached skill level 10 in Spellcasting
 23910 | Lair:1   | Reached ***** piety under Makhleb
 23911 | Lair:1   | Reached skill level 5 in Dodging
 24180 | Lair:1   | Found the +8 whip "Snakebite" {venom, curare, rPois}
 25366 | Lair:2   | Reached skill level 20 in Fighting
 25900 | Lair:3   | Reached skill level 1 in Evocations
 26390 | Lair:3   | Found a staircase to the Snake Pit.
 26537 | Lair:3   | Found a staircase to the Shoals.
 26567 | Lair:3   | Reached skill level 5 in Evocations
 26616 | Lair:3   | Reached ****** piety under Makhleb
 26617 | Lair:3   | Reached XP level 15. HP: 130/130 MP: 0/0
 26617 | Lair:3   | Learned a level 6 spell: Starburst
 28520 | Lair:4   | Identified a scroll of acquirement
 28523 | Lair:4   | Acquired a manual of Spellcasting
 28526 | Lair:5   | Entered Level 5 of the Lair of Beasts
 29853 | Lair:5   | Reached XP level 16. HP: 135/138 MP: 0/0
 30538 | Lair:5   | Found a viscous altar of Jiyva.
 30538 | Lair:5   | Found a staircase to the Slime Pits.
 30804 | D:13     | Killed a storm dragon
 30805 | D:13     | Reached skill level 1 in Armour
 30805 | D:13     | Reached skill level 1 in Shields
 31101 | D:13     | Killed a tengu reaver
 31796 | D:13     | Killed a fire giant
 32452 | D:14     | Found a gate to the Vaults.
 32579 | D:14     | Found a portal to a secret trove of treasure.
 32716 | D:14     | Noticed Lodul
 32719 | D:14     | Killed Lodul
 33230 | D:14     | Found Siwiomyp's Pet Rocks.
 33998 | D:14     | Noticed Josephine
 34051 | D:14     | Killed Josephine
 34394 | D:15     | Entered Level 15 of the Dungeon
 34570 | D:15     | Found a blossoming altar of Fedhas.
 35013 | D:15     | Identified the +2 scale mail of Amidwuor {rN+}
 35463 | D:15     | Reached XP level 17. HP: 141/145 MP: 0/0
 35463 | D:15     | Learned a level 7 spell: Spellforged Servitor
 35713 | D:15     | Found a staircase to the Depths.
 35833 | D:15     | Noticed Rupert
 35837 | D:15     | Identified the +0 short sword of Bufun {drain, Int+4}
 35839 | D:15     | Killed Rupert
 35902 | D:15     | Found a shadowy altar of Dithmenos.
 35904 | D:15     | Identified Roxanne's Incunabulum of the Quarry
 35904 | D:15     | Noticed Roxanne
 35909 | D:15     | Killed Roxanne
 36220 | Orc:1    | Entered Level 1 of the Orcish Mines
 36220 | Orc:1    | Found Vaxazxex's Antique Armour Boutique.
 36316 | Orc:1    | Found Emafeoth's Book Shoppe.
 36489 | Orc:1    | Found Qusso's Book Boutique.
 36503 | Orc:1    | Found Amnam's Magic Scroll Shop.
 36730 | Orc:1    | Bought a jewelled helmet for 218 gold pieces
 36730 | Orc:1    | Identified the +0 helmet of Pathos {rF+ rCorr Stlth+} (You
                  | bought it in a shop on level 1 of the Orcish Mines)
 36855 | Orc:1    | Bought a scroll of butterflies for 68 gold pieces
 36855 | Orc:1    | Bought a scroll of acquirement for 884 gold pieces
 36855 | Orc:1    | Bought a scroll of teleportation for 51 gold pieces
 36855 | Orc:1    | Bought a scroll of butterflies for 68 gold pieces
 36855 | Orc:1    | Acquired the ring "Kianuel" {rN+ Dex+2}
 36948 | Orc:2    | Entered Level 2 of the Orcish Mines
 36988 | Orc:2    | Noticed Nessos
 36999 | Orc:2    | Killed Nessos
 37093 | Orc:2    | Found a dark tunnel.
 37101 | Volcano  | Entered a volcano
 38425 | Orc:2    | Reached skill level 10 in Dodging
 38728 | Orc:2    | Found Wuross's Antique Armour Boutique.
 38730 | Orc:2    | Found Gesys's Antique Weapon Shop.
 39080 | Orc:2    | Found Kieg's Book Shop.
 39199 | Orc:2    | Found a staircase to the Elven Halls.
 39367 | Orc:2    | Found Ichourphanic's Assorted Antiques.
 39372 | Orc:2    | Bought a scroll of summoning for 313 gold pieces
 39372 | Orc:2    | Bought a potion of brilliance for 132 gold pieces
 39372 | Orc:2    | Bought a potion of cancellation for 264 gold pieces
 39612 | Snake:1  | Entered Level 1 of the Snake Pit
 39888 | Snake:1  | Noticed Nikola
 39898 | Snake:1  | Killed Nikola
 39905 | Snake:1  | Noticed Aizul
 39914 | Snake:1  | Killed Aizul
 40064 | Snake:1  | Noticed Kirke
 40076 | Snake:1  | Killed Kirke
 42132 | Snake:2  | Reached XP level 18. HP: 83/151 MP: 0/0
 42564 | Snake:2  | Found a shadowy altar of Dithmenos.
 44176 | Snake:3  | Noticed Mlioglotl
 44192 | Snake:3  | Reached skill level 15 in Dodging
 44547 | Snake:3  | Noticed Vashnia
 45145 | Snake:3  | HP: 2/151 [Vashnia/bolt (31)]
 45994 | Snake:3  | Killed Mlioglotl
 46860 | Snake:3  | Found Leqe's Weapon Emporium.
 46862 | Snake:3  | Found Otamn's Magic Scroll Shop.
 46869 | Snake:3  | Bought 3 curare-tipped darts for 32 gold pieces
 46874 | Snake:3  | Bought a scroll of blinking for 105 gold pieces
 46874 | Snake:3  | Bought a scroll of fear for 56 gold pieces
 46874 | Snake:3  | Bought a scroll of enchant armour for 105 gold pieces
 46874 | Snake:3  | Bought a scroll of enchant armour for 105 gold pieces
 46879 | Snake:3  | Found Pydau's General Store.
 46879 | Snake:3  | Found Oqopug's Assorted Antiques.
 46887 | Snake:3  | Bought a scroll of blinking for 112 gold pieces
 47360 | Snake:4  | Entered Level 4 of the Snake Pit
 48542 | Snake:4  | Reached XP level 19. HP: 132/157 MP: 0/0
 48542 | Snake:4  | Learned a level 6 spell: Dispersal
 49143 | Snake:4  | HP: 7/157 [salamander tyrant (3)]
 49143 | Snake:4  | Mangled by a nagaraja

Illustrated notes

Levels and vault maps discovered:
D:1:      eino_arrival_tree_alley, layout_basic, serial_glass, glass_columns_a,
          glass_columns_a, shapermc_ecumenical_altar_venn
D:2:      layout_loops_ring, hangedman_glass_teeth, hangedman_decor_push,
          cheibrodos_gnoll_hut
D:3:      layout_loops_ring, nicolae_tso_besieged_by_evil, columned_hall_lemuel
D:4:      layout_loops_corners
D:5:      layout_layer_cave, enter_ossuary_3, chequers_serial_rivers_small_3
D:6:      layout_basic, serial_aquarium, aquarium_bridge_straight
          [aquarium_subvault_bridge, aquarium_subvault_window,
          aquarium_subvault_bridge, aquarium_subvault_wall],
          aquarium_window_fake, aquarium_window_corridor_1, aquarium_window_1,
          aquarium_window_fake, aquarium_view_2d, st_stairs_8
D:7:      minmay_flawed_box, layout_basic, vehumet_crystals,
          minmay_temple_entry_antechambers, serial_rivers,
          chequers_serial_rivers_micro_e, chequers_serial_rivers_micro_a,
          chequers_serial_rivers_small_3, chequers_serial_rivers_micro_d,
          uniq_duvessa
D:8:      layout_gridville, slow_altar_1, lemuel_round_altar, uniq_amaemon,
          uniq_joseph
D:9:      layout_roguey [special_room_orc], led_sif_book, grunt_ogre_cave
D:10:     layout_roguey [special_room_orc], enter_bailey_5, uniq_sonja,
          uniq_maggie
D:11:     minmay_the_grid_plus [minmay_the_grid_empty, minmay_the_grid_all_tris,
          minmay_the_grid_fan, minmay_the_grid_embedded,
          minmay_the_grid_prize_diamond_cup], layout_irregular_city,
          lair_entry_dummy
D:12:     layout_basic, orc_david_3, gauntlet_entry_generic,
          portal_ice_cave_rime, serial_shops, shop, uniq_nergalle
D:13:     minmay_bad_star, layout_loops_ring, uniq_maurice, uniq_jorgrun,
          uniq_erolcha
D:14:     layout_loops_corners, grunt_vaults_entry_fortified,
          minmay_misc_feat_secret_circle, nicolae_trove_entry_free_sample,
          guppyfry_shop_earth, uniq_lodul, uniq_josephine
D:15:     gammafunk_depths_entry_grave, layout_basic, fedhas_altar_3,
          nicolae_dithmenos_the_darkroom, uniq_roxanne, uniq_rupert
Temple:   nicolae_temple_bog_church
Lair:1:   minmay_guarded_unrand_snakebite, layout_regular_city,
          serial_bayou_lagoon_a, infiniplex_staircase_pool_2
Lair:2:   lemuel_ratsnest, layout_regular_city, serial_bayou_shore_a
Lair:3:   layout_big_grid, minmay_shoals_entry_hut,
          minmay_snake_entry_six_corridors
Lair:4:   nzn_winding_woodlands_small
          [nzn_winding_woodlands_5x15_river_crossing,
          nzn_winding_woodlands_center_triple_pond,
          nzn_winding_woodlands_5x15_concentric], layout_regular_city,
          lemuel_fruit_tree, grunt_megastairs_5, infiniplex_staircase_pool
Lair:5:   minmay_lair_end_enchanted_forest, layout_long_grid,
          dpeg_slime_entry_enclosed, patterned_corridor
Snake:1:  layout_chambers, serial_bayou_shore_b, uniq_aizul, uniq_kirke,
          uniq_nikola
Snake:2:  layout_layer_cave, basic_altar, nicolae_snake_gridmaze_big_u,
          serial_bayou_pond_b
Snake:3:  layout_onion, nicolae_snake_serpentine_bazaar, uniq_mlioglotl,
          uniq_vashnia
Snake:4:  snake_hunt, layout_cave_town, nicolae_snake_scaly_snakehead,
          grunt_megastairs_4
Orc:1:    layout_caves, serial_shops, nicolae_shop_hallway_plus, shop,
          nicolae_shop_statue_plus, nicolae_shop_advertising_works
          [nicolae_subvault_shop_adworks]
Orc:2:    grunt_orc_community_town_hall, layout_diamond_mine,
          grunt_orc_community_big_house_2, grunt_orc_community_big_house_1,
          grunt_orc_community_house_3, grunt_orc_community_house_2,
          grunt_orc_community_house_3, grunt_orc_community_house_3,
          lightli_volcano_entry_magma_tube, basic_altar, mines2_lemuel,
          uniq_nessos

Skill      XL: |  1  2  3  4  5  6  7  8  9 10 11 12 13 14 15 16 17 18 19 |
---------------+----------------------------------------------------------+-----
Stealth        | 2 |  2.0
Spellcasting   | 4 5 6 7 8 9 10 14 | 14.6
Fighting       | 4 6 8 10 13 15 17 19 20 | 20.7
Dodging        | 6 13 17 18 | 18.8
Evocations     | 5 6 9 |  9.1
Armour         | 4 |  4.1
Shields        | 4 |  4.1

Action                   |  1- 3 |  4- 6 |  7- 9 | 10-12 | 13-15 | 16-18 | 19-21 || total
-------------------------+-------+-------+-------+-------+-------+-------+-------++-------
Melee: Staff             |       |       |       |       |       |       |     1 ||     1
 Cast: Magic Dart        |    82 |   142 |   184 |     5 |    15 |       |       ||   428
       Searing Ray       |       |     2 |     4 |     2 |     2 |       |       ||    10
       Poisonous Vapours |       |    10 |    41 |   142 |   224 |   167 |     1 ||   585
       Ignite Poison     |       |       |    29 |    91 |   125 |   105 |     1 ||   351
       Airstrike         |       |       |     7 |    67 |   265 |   406 |     7 ||   752
       Fulminant Prism   |       |       |     3 |     7 |     2 |     3 |       ||    15
       Iskenderun's Myst |       |       |     1 |     4 |    53 |    26 |     2 ||    86
       Lee's Rapid Decon |       |       |       |       |     4 |   256 |    47 ||   307
       Borgnjor's Vile C |       |       |       |       |     1 |     1 |       ||     2
Evoke: Wand              |       |       |     1 |       |       |       |       ||     1
       Phial of floods   |       |       |       |       |       |     2 |       ||     2
  Use: Scroll            |       |     4 |     6 |     9 |    17 |     5 |     1 ||    42
       Potion            |       |     1 |     1 |     4 |     1 |     3 |     1 ||    11
Armor: Robe              |     2 |     6 |    12 |    11 |       |       |       ||    31
       Leather armour    |       |       |       |       |    35 |    18 |     6 ||    59
Dodge: Dodged            |       |    16 |    45 |    36 |    63 |   117 |    11 ||   288
Block: Buckler           |       |       |       |       |    11 |    53 |     3 ||    67
